[Event "12th WLC Weekend 2022"]
[Site "Eindhoven"]
[Date "2022.05.13"]
[Round "1.21"]
[White "Boeren, Jurriaan"]
[Black "Coenen, Eduard"]
[Result "1-0"]
[ECO "B06"]
[WhiteElo "1778"]
[BlackElo "2030"]
[Annotator "TA"]
[PlyCount "137"]
[EventDate "2022.05.13"]
[EventType "swiss"]
[EventCountry "NED"]
[SourceTitle "playchess.com"]
[Source "ChessBase"]
[SourceQuality "1"]
[TimeControl "5400+30"]

1. e4 g6 2. d4 Bg7 3. Nc3 a6 4. Be3 d6 5. Qd2 Nd7 6. a4 b6 7. f4 {[%emt 0:00:52] B06: Modern Defence.} (7. h4 $14) 7... Bb7 $11 8. Nf3 e6 9. Bd3 {[%emt 0:03:26] The position is equal.} Ngf6 10. h3 (10. f5 $14) 10... c5 {[%emt 0:01:52] [#]} 11. O-O $146 ({Predecessor:} 11. e5 cxd4 12. Bxd4 Nh5 13. Be4 d5 14. Bd3 Ng3 15. Rg1 Nc5 16. Qe3 Rc8 17. Kf2 Nxd3+ 18. cxd3 {½-½ (69) Khotenashvili,B (2484)-Paehtz,E (2468) Tbilisi 2018}) 11... O-O 12. f5 (12. e5 $11 Nh5 13. Be4 (13. exd6 $2 Bxf3 14. dxc5 Bc6 $19)) 12... cxd4 13. Nxd4 gxf5 14. exf5 e5 15. Nb3 d5 $1 16. Bh6 (16. Bg5 $17) 16... Bxh6 $1 $19 17. Qxh6 d4 $1 18. Nd1 Rc8 (18... Kh8 $1 $19 {Hoping for ...Rg8.} 19. Be2 Rg8) 19. g4 $2 (19. Nf2 $17) 19... e4 20. Be2 Rxc2 $2 ({Don't go for} 20... Ne5 $2 21. g5 Ne8 22. c3 $19) ({Better is} 20... Nc5 $19 {aiming for ...Nxb3.} 21. Nc1 Kh8) 21. Nxd4 $14 Qc7 {[%emt 0:07:09] ( -> ...Qg3+)} 22. Nxc2 $4 (22. Rf2 $14 {stays ahead.} e3 23. Qxe3) 22... Qg3+ $19 23. Kh1 e3+ $1 24. Rf3 Bxf3+ 25. Bxf3 Qxf3+ 26. Kg1 e2 (26... Qg3+ $1 $19 {is more deadly.} 27. Kh1 e2 28. Qg5+ Kh8) 27. Nc3 $2 (27. Nde3 $17) 27... Re8 28. Re1 (28. Qh4 {only move.}) 28... Ne4 $2 (28... Qd3 $19 29. Rc1 Qxc2 $3 30. Rxc2 e1=Q+ 31. Kg2 Ne4) 29. Rxe2 $11 {[%emt 0:02:33] White wants to play Qe3. The board is on fire.} Qg3+ 30. Rg2 Qd3 31. Nxe4 $40 {[%emt 0:01:29][%mdl 128] Black needs to defend precisely.} Rxe4 32. Qd2 (32. Qg5+ {is more complex.} Kf8 33. Qd2 Ne5 34. Qxd3 Nxd3 35. b3) 32... Nc5 33. Qxd3 Nxd3 {[%emt 0:00:02][%mdl 4096] Endgame KRN-KRN} 34. b3 Nc5 35. Rg3 Re2 36. Nd4 Rd2 37. Nc6 f6 38. Re3 Rd6 39. Nb4 {[%emt 0:00:48] White is more active.} (39. Na7 $16) 39... a5 40. Nc2 Kf7 (40... Rd1+ $11 {remains equal.} 41. Kf2 Rd2+ 42. Re2 Rd3) 41. Kf1 (41. Na3 $16) 41... Rd1+ (41... Kg7 $11) 42. Ke2 $16 Rb1 43. Nd4 Rb2+ 44. Kd1 Rh2 45. Ne2 (45. Nb5 $1 $16) 45... Rh1+ (45... h5 $1 $14) 46. Kc2 Rf1 {[%emt 0:00:38] [#]} (46... Nd7 $142 47. Nf4 Ne5) 47. Kc3 $1 $18 h5 48. Kc4 ({Weaker is} 48. gxh5 Rxf5 49. h6 Rh5 $11) 48... hxg4 49. hxg4 Rb1 {[%emt 0:00:28] [#]} 50. Ng3 $1 {[%emt 0:01:20] Threatens to win with Ne4.} Nd7 51. Kb5 Nc5 52. Kxb6 Nxb3 53. Ne4 {[%emt 0:00:21] Black must now prevent Kc6.} Nd4+ $2 (53... Nd2+ {keeps fighting.} 54. Kc5 Nxe4+ 55. Rxe4 Kg7) 54. Kc5 ({Inferior is} 54. Kxa5 Nc6+ 55. Ka6 Nb8+ 56. Ka7 Nc6+ 57. Ka6 Nb8+ 58. Ka7 Nc6+ 59. Ka6 $11) 54... Rb4 $2 (54... Rd1 55. Nc3 Rd2) 55. Nd6+ Kg7 56. Re4 Nb3+ 57. Kd5 {[%emt 0:00:11] Threatening mate with Rxb4.} Rb6 58. Re7+ Kg8 59. Rb7 Rxb7 60. Nxb7 {[%emt 0:00:04] Strongly threatening Ke6. KN-KN} Kg7 61. Kc4 Nd2+ 62. Kd3 Nf3 63. Nxa5 {[%emt 0:00:18] Intending Nc4 and mate.} Ne5+ 64. Ke4 {[%emt 0:00:38] White threatens Nb3 and mate.} Nd7 65. Nb7 {[%emt 0:00:20] White mates.} Kf7 66. a5 Nb8 67. Nc5 Ke7 68. Kd5 Kd8 69. a6 {[%emt 0:00:08] Quite a comeback for White.  Weighted Error Value: White=0.44/Black=0.56} 1-0

[Event "12th WLC Weekend 2022"]
[Site "Eindhoven"]
[Date "2022.05.13"]
[Round "1.22"]
[White "Van de Put, Jeroen"]
[Black "Krenning, Jasper"]
[Result "1/2-1/2"]
[ECO "C45"]
[WhiteElo "1987"]
[BlackElo "1736"]
[Annotator "TA"]
[PlyCount "78"]
[EventDate "2022.05.13"]
[EventType "swiss"]
[EventCountry "NED"]
[SourceTitle "playchess.com"]
[Source "ChessBase"]
[SourceQuality "1"]
[TimeControl "5400+30"]

1. e4 e5 2. Nf3 Nc6 3. d4 exd4 4. Nxd4 d5 5. Nxc6 bxc6 6. Nc3 {[%emt 0:03:31][%cal Re4d5] C45: Scotch Game.} Bb4 ({Black should try} 6... Nf6 $1 $14) 7. Qd4 $16 Bxc3+ 8. Qxc3 {[%emt 0:00:10] White is better.} Qf6 {[%emt 0:00:18] [#]} 9. e5 $1 Qe6 10. Be3 {[%emt 0:06:18] [#]} Ne7 $146 ({Predecessor:} 10... f6 11. exf6 Nxf6 12. O-O-O O-O 13. f3 Nd7 14. Bd4 Rf7 15. Re1 Qd6 16. Re8+ Rf8 17. Rxf8+ Qxf8 {1-0 (41) Cajbel,M (2224)-Hanusek,S (2028) Mrzezyno 2011}) 11. O-O-O O-O 12. Bc5 {[%emt 0:01:34] White is more active.} Re8 13. f4 a5 14. g3 Ba6 15. Bg2 Nc8 16. h4 (16. Qxa5 $142 Nb6 17. Bxb6) 16... Be2 17. Rde1 Bg4 18. Qd4 (18. a4 $16) 18... h5 19. Rhf1 Ne7 20. Bxe7 Qxe7 21. f5 Qb4 22. c3 Qxd4 {[%emt 0:00:44] The position is equal.} 23. cxd4 Rab8 24. Bf3 Bxf3 25. Rxf3 $11 {[%emt 0:00:02][%mdl 4096] Endgame KRR-KRR} Rb4 26. Rf4 Reb8 27. Re2 c5 28. dxc5 Rxf4 29. gxf4 {[%emt 0:00:01] KR-KR} Rb4 30. e6 {[%emt 0:03:35] [#] e7 is the strong threat.} fxe6 31. fxe6 {[%emt 0:00:04] Hoping for e7.} Kf8 32. Re5 c6 33. Rxh5 Rxf4 34. Rh8+ Ke7 35. Rc8 Rc4+ ({Don't do} 35... Kxe6 36. Rxc6+ Ke5 37. h5) 36. Kd2 Rxc5 37. Rc7+ Kxe6 38. Rxg7 Rc4 39. h5 Rh4 {[%emt 0:00:30] Weighted Error Value: White=0.10 (very precise) /Black=0.06 (flawless)} 1/2-1/2

[Event "12th WLC Weekend 2022"]
[Site "Eindhoven"]
[Date "2022.05.13"]
[Round "1.23"]
[White "Hubers, Daan"]
[Black "Faber, Hugo"]
[Result "1/2-1/2"]
[ECO "A00"]
[WhiteElo "1818"]
[BlackElo "2076"]
[Annotator "TA"]
[PlyCount "57"]
[EventDate "2022.05.13"]
[EventType "swiss"]
[EventCountry "NED"]
[SourceTitle "playchess.com"]
[Source "ChessBase"]
[SourceQuality "1"]
[TimeControl "5400+30"]

1. b4 d5 2. Bb2 Bf5 3. e3 Nf6 4. Bd3 Bxd3 5. cxd3 e6 6. a3 {[%emt 0:02:50] A00: Irregular Openings.} Nbd7 {[%emt 0:02:58] [#]} 7. d4 $146 ({Predecessor:} 7. Nf3 a5 8. b5 Bd6 9. d4 O-O 10. O-O Ne4 11. d3 Ng5 12. Nbd2 Nxf3+ 13. Nxf3 {0-1 (52) Rios,J (1728)-Garcia Silveira,L (2044) Montevideo 2019}) 7... c6 8. Nc3 {[%emt 0:04:42] Black has an edge.} Bd6 (8... a5 $5 ) 9. Nf3 O-O 10. O-O Re8 11. d3 e5 12. Re1 e4 13. dxe4 Nxe4 14. Nxe4 dxe4 15. Nd2 Re6 16. Nc4 Bc7 (16... Nf6 $15) 17. d5 $1 $14 cxd5 18. Qxd5 Ne5 19. Qxd8+ $1 ({And not} 19. Qxe4 Nd3 20. Qd4 (20. Qxb7 Bxh2+ 21. Kf1 Rc8 $17) 20... Qxd4 21. Bxd4 Nxe1 22. Rxe1 Rc6 $17) 19... Rxd8 20. Nxe5 Bxe5 {[%emt 0:00:10] The position is equal.} 21. Bxe5 Rxe5 $11 {[%emt 0:00:24][%mdl 4096] Endgame KRR-KRR} 22. Rac1 Kf8 23. Kf1 Red5 24. Rc7 R8d7 25. Rec1 Ke7 26. Ke1 f5 27. R1c5 g6 28. Rxd5 Rxc7 29. Kd2 {[%emt 0:00:21] Prevents Rc1.  Weighted Error Value: White=0.05 (flawless) /Black=0.12 (very precise)} 1/2-1/2

[Event "12th WLC Weekend 2022"]
[Site "Eindhoven"]
[Date "2022.05.13"]
[Round "1.24"]
[White "Cebula, Jerzy"]
[Black "Auwens, Michel"]
[Result "1/2-1/2"]
[ECO "B06"]
[WhiteElo "1994"]
[BlackElo "1791"]
[Annotator "TA"]
[PlyCount "93"]
[EventDate "2022.05.13"]
[EventType "swiss"]
[EventCountry "NED"]
[SourceTitle "playchess.com"]
[Source "ChessBase"]
[SourceQuality "1"]
[TimeControl "5400+30"]

1. e4 d6 2. d4 g6 3. Nc3 Bg7 4. f4 c6 5. Nf3 Qc7 6. h3 {[%emt 0:06:28] B06: Modern Defence.} Nd7 {[%emt 0:01:16] [#]} 7. a4 $146 ({Predecessor:} 7. e5 dxe5 8. dxe5 Nb6 9. Be3 Nh6 10. Bd3 Be6 11. Qe2 Nf5 12. Bf2 Nd5 13. Nxd5 Bxd5 {1-0 (32) Sotolongo Lezcano,J (2042)-Salina Parra,L (2089) Pinar del Rio 2019}) 7... e5 8. fxe5 {[%emt 0:00:55] White is more active.} (8. Be3 $1 $14) 8... dxe5 $11 9. d5 Ngf6 10. dxc6 bxc6 11. Be3 {[%emt 0:01:49] Against Nc5} O-O 12. Bc4 Nh5 13. O-O Ndf6 14. Qe1 {[%emt 0:05:23] Against Ng3} Nf4 15. Bc5 Re8 16. Rd1 {[%emt 0:04:54] aiming for Bd6.} (16. Ng5 $5 Ne6 17. Bxe6 Bxe6 18. Qh4 $14 (18. Nxe6 Rxe6 19. Rd1 Bf8 $11)) 16... Be6 17. Bxe6 Nxe6 18. Bd6 Qb6+ 19. Qf2 Qxf2+ 20. Rxf2 Nd7 21. b3 Nd4 22. Ne1 (22. Nxe5 Nxe5 23. Rxd4 Nf3+ 24. Rxf3 Bxd4+ 25. Kf1 Rac8) (22. Kf1) ({Not} 22. Nxe5 $2 Nxe5 23. Rxd4 Nf3+ $1 24. Rxf3 Bxd4+ 25. Kf1 Rac8 $19) 22... Re6 23. Ba3 Bh6 {[%emt 0:01:17] Threatens to win with ...Be3.} 24. Bc1 {[%emt 0:01:23] Inhibits Be3.} Bxc1 25. Rxc1 Nf6 ({Black should play} 25... Nc5 $11) 26. Nd3 $14 Nd7 {[%emt 0:03:51] Against Nc5} 27. Rcf1 f5 28. Rd1 Rd8 29. Rfd2 {[%emt 0:02:02][%cal Od3e5] Nxe5! is the strong threat.} Nf6 30. exf5 Nxf5 31. Nc5 Rxd2 32. Rxd2 Rd6 33. Rxd6 Nxd6 $16 {[%emt 0:00:08][%mdl 4096] Endgame [#] KNN-KNN} 34. Nd3 (34. Na2 $1 $16 ) 34... Nd7 $11 35. Kf1 Kf7 {[%emt 0:00:11] The position is equal.} 36. Ke2 Ke6 37. Ke3 Nf5+ 38. Kd2 Nh4 39. Ne1 Nf5 40. Nf3 h6 {[%emt 0:00:31] Prevents Ng5+.} 41. Kd3 Nd6 42. Ne4 Nxe4 43. Kxe4 Nf6+ 44. Ke3 Nd5+ 45. Ke4 Nf6+ 46. Ke3 Nd5+ 47. Ke4 {[%emt 0:01:46] Weighted Error Value: White=0.11 (very precise) /Black=0.08 (flawless)} 1/2-1/2

[Event "12th WLC Weekend 2022"]
[Site "Eindhoven"]
[Date "2022.05.13"]
[Round "1.25"]
[White "Van der Velden, Alain"]
[Black "Smit, Maarten"]
[Result "1-0"]
[ECO "D45"]
[WhiteElo "1659"]
[BlackElo "2056"]
[Annotator "TA"]
[PlyCount "125"]
[EventDate "2022.05.13"]
[EventType "swiss"]
[EventCountry "NED"]
[SourceTitle "playchess.com"]
[Source "ChessBase"]
[SourceQuality "1"]
[TimeControl "5400+30"]

1. d4 c6 2. c4 d5 3. Nc3 Nf6 4. Nf3 e6 5. e3 Nbd7 6. Qc2 Be7 7. g4 h6 {[%emt 0:14:24] D45: Semi-Slav: 5 e3.} 8. Rg1 dxc4 9. Bxc4 Nb6 (9... b5 $11 10. Bxe6 fxe6) 10. Be2 $16 Nbd5 {[%emt 0:05:00] [#]} 11. g5 $146 (11. h4 $14) ({Predecessor:} 11. h4 Nxc3 12. bxc3 Nd7 13. g5 hxg5 14. hxg5 g6 15. Bb2 Qa5 16. Bd3 Rg8 17. Ke2 {1-0 (40) Czerwonski,A (2390)-Sarbok,T (2362) Marianske Lazne 2005}) 11... Nd7 (11... hxg5 $11 {keeps the balance.} 12. Rxg5 Kf8) 12. g6 (12. gxh6 $16 gxh6 13. Bd2) 12... f6 13. e4 Nxc3 14. bxc3 Bd6 15. Bc4 (15. a4 $16) 15... Qe7 {[%emt 0:01:32] [#]} (15... Nb6 $11 16. Bb3 c5) 16. Be3 {[%emt 0:07:31] White is more active.} (16. a4 $1 $16) 16... b5 17. Bb3 a5 {[%emt 0:00:14] aiming for ...a4.} 18. a4 b4 (18... Nb6 $1 $11) 19. Qa2 ({Better is} 19. Kf1 $14) 19... Nb6 $1 $11 20. e5 (20. cxb4 $11 Bxb4+ 21. Kf1) 20... fxe5 $17 21. dxe5 Bc5 {[%emt 0:01:02] ...Bxe3 is the strong threat.} 22. Nd4 Bxd4 23. cxd4 Nd5 24. Rc1 Bb7 (24... Nc3 $17 25. Qd2 Qh4) 25. Rc5 O-O {[%emt 0:00:24] And now ...Qh4 would win.} 26. Qe2 Qh4 27. Qg4 {[%emt 0:01:10] The board is on fire.} Qxg4 (27... Qxh2 $11 {deserves consideration.} 28. Rg2 Qh1+ 29. Rg1 Qh2) 28. Rxg4 $14 Rf3 29. Ke2 (29. Kd2 $14) 29... Rh3 $11 30. Bxd5 cxd5 31. Rf4 {[%emt 0:00:44] [#]} (31. Kd2 $11) 31... Rc8 $2 ({Don't play} 31... Rxh2 $6 32. Rf7 Ba6+ 33. Kf3 $11) (31... Ba6+ $1 $17 {stays on course.} 32. Kd2 Rxh2 33. Rxa5 Rg2) 32. Rf7 $18 Ba6+ 33. Kd2 $2 (33. Kd1 $18 {is the precise move to win.}) 33... Rf8 $2 (33... Rxh2 $2 34. Ra7 Kf8 35. Rxa6 $18) (33... Rxc5 $16 34. dxc5 d4) 34. Rxa5 Bc4 35. Rxf8+ Kxf8 {[%emt 0:00:01][%mdl 4096] Endgame KRB-KRB} 36. Ra8+ Ke7 37. Ra7+ Kf8 38. a5 Rxh2 39. a6 {[%emt 0:01:26] Intending Rf7+ and mate.} Bxa6 40. Rxa6 {[%emt 0:00:08] KRB-KR} Rg2 41. Rxe6 h5 42. Rb6 h4 43. Rxb4 Rxg6 44. Rb8+ Kf7 45. Rh8 Rg4 46. Ke2 g5 47. Kf3 Rg1 {[%emt 0:00:07] [#]} 48. Bxg5 $1 Rxg5 49. Rxh4 {[%emt 0:00:35] KR-KR} Rg1 50. Rh7+ Ke8 51. Kf4 Rd1 52. Kf5 Rxd4 53. Ke6 Kf8 54. Kd7 Ra4 55. Rh8+ Kg7 56. Rd8 {[%emt 0:00:41] White wants to mate with e6.} d4 57. e6 $2 (57. Ke8 $18 Ra7 58. Rxd4) 57... Kf6 $2 (57... Ra7+ $14 58. Kd6 d3) 58. Rf8+ Ke5 59. e7 $2 (59. f4+ {mates} Kd5 60. Ke7 Ke4 61. Kf7 d3 62. e7 Kf3 63. f5 Rf4 64. f6) 59... Ra7+ $11 60. Kd8 Ra8+ 61. Kd7 Ra7+ 62. Ke8 $2 (62. Kd8 $11 Ra8+ 63. Kc7 Ra7+ 64. Kd8) 62... d3 $4 (62... Ke6 $19 63. Kd8 Rxe7) 63. Kf7 {[%emt 0:00:30] Weighted Error Value: White=0.39/Black=0.56} 1-0

[Event "12th WLC Weekend 2022"]
[Site "Eindhoven"]
[Date "2022.05.13"]
[Round "1.26"]
[White "Straat, Evert-Jan"]
[Black "Oskam, Julian"]
[Result "1/2-1/2"]
[ECO "D35"]
[WhiteElo "2034"]
[BlackElo "1627"]
[Annotator "TA"]
[PlyCount "41"]
[EventDate "2022.05.13"]
[EventType "swiss"]
[EventCountry "NED"]
[SourceTitle "playchess.com"]
[Source "ChessBase"]
[SourceQuality "1"]
[TimeControl "5400+30"]

1. d4 Nf6 2. c4 e6 3. Nc3 d5 4. Bg5 Be7 5. cxd5 exd5 6. e3 h6 7. Bf4 {[%emt 0:03:02] D35: Queen's Gambit Declined: Exchange Variation.} Bd6 8. Bg3 {[%emt 0:02:43] [#]} Bf5 $146 ({Predecessor:} 8... O-O 9. Bd3 Re8 10. Qc2 c6 11. Nf3 Bxg3 12. hxg3 a5 13. Ne5 Ng4 14. Nf3 Na6 15. a3 Nc7 {1-0 (46) Martirosyan,H (2633)-Urazayev,A (2438) Chess.com INT 2022}) 9. Nf3 {[%emt 0:03:56] The position is equal.} Bxg3 10. hxg3 c6 11. Bd3 Bxd3 12. Qxd3 Qe7 13. O-O-O Ne4 14. Qc2 Nxc3 15. Qxc3 Nd7 16. Kb1 Nb6 17. Ka1 Nc4 (17... O-O-O $11) 18. e4 $14 {[%emt 0:02:40] [#] aiming for exd5.} Nb6 19. e5 O-O-O 20. Nd2 Kb8 21. f4 {[%emt 0:00:13] Weighted Error Value: White=0.08 (flawless) /Black=0.10 (very precise)} 1/2-1/2

[Event "12th WLC Weekend 2022"]
[Site "Eindhoven"]
[Date "2022.05.14"]
[Round "2.1"]
[White "Beerdsen, Thomas"]
[Black "van der Valk, Niklas"]
[Result "1-0"]
[ECO "B11"]
[WhiteElo "2497"]
[BlackElo "2200"]
[Annotator "TA"]
[PlyCount "113"]
[EventDate "2022.05.13"]
[EventType "swiss"]
[EventCountry "NED"]
[SourceTitle "playchess.com"]
[Source "ChessBase"]
[SourceQuality "1"]
[TimeControl "5400+30"]

1. e4 c6 2. Nf3 d5 3. Nc3 dxe4 4. Nxe4 Nf6 5. Qe2 Nxe4 6. Qxe4 Nd7 {[%emt 0:00:04] B11: Caro-Kann: Two Knights Variation.} 7. Bc4 {[%emt 0:00:09] Black must now prevent Ng5.} Nf6 {[%emt 0:00:06] [#]} 8. Ne5 $1 e6 {[%emt 0:00:09] White has an edge.} 9. Qe2 b5 10. Bd3 (10. Nxc6 Qc7 11. Bd3 (11. Bxb5 a6 $17) 11... a6 $15) 10... Qc7 11. a4 b4 12. Nxc6 Bb7 (12... Qxc6 $2 13. Bb5 Bd7 14. Bxc6 $18) 13. Ne5 Bd6 14. Bb5+ {[%emt 0:09:58] [#]} Ke7 $146 (14... Kf8 $11 15. d4 Bxg2) ({Predecessor:} 14... Kf8 15. d4 Bxg2 16. Rg1 Bd5 17. Bg5 h6 18. Bh4 g5 19. Bg3 Ne4 20. Nd7+ Ke7 21. Bxd6+ Qxd6 {½-½ (61) Preotu,R (2487)-Tari,A (2625) Chess.com INT 2021}) 15. d4 $14 Rhc8 {[%emt 0:09:26] [#]} 16. Bd3 $1 (16. Bg5 h6 17. Bc1 Qxc2 18. Qxc2 Rxc2 $15) 16... Bxe5 (16... Bxg2 $2 17. Rg1 $18) 17. dxe5 Nd7 18. O-O {[%emt 0:08:37] Threatens to win with Re1.} Nxe5 19. Be4 {[%emt 0:14:17] Against Qc6. And now Bxb7 would win.} Ng6 20. Qb5 Bxe4 21. Qxb4+ Ke8 22. Qxe4 Qxc2 23. Qd4 e5 24. Qd6 Rc6 25. Qb4 Ne7 (25... a5 $11 {remains equal.} 26. Qb5 Qe4) 26. Bg5 f6 27. Rac1 $36 {[%emt 0:00:10][%mdl 2048] White has the initiative.} Rb6 28. Qxe7+ $1 ({Of course not} 28. Rxc2 Rxb4 29. Be3 Rxa4 $15) ({But not} 28. Qxb6 Qxc1 29. Bxc1 (29. Qb7 Qc6 $15) 29... axb6 $15) 28... Kxe7 29. Bxf6+ Kxf6 30. Rxc2 {[%emt 0:00:06][%mdl 4096] Endgame KRR-KRR} Rab8 31. Re1 Rxb2 32. Rc6+ Kf7 ({Better is} 32... Kf5 $14) 33. Rc7+ $16 Kf6 {[%emt 0:00:05] [#]} 34. Rxa7 ({White should play} 34. h3 $1 $16) 34... Rb1 35. Rf1 {[%emt 0:01:19] White is more active.} Rxf1+ 36. Kxf1 {[%emt 0:00:05] KR-KR} Rb2 $2 {[%emt 0:00:05] A mistake that costs the game.} (36... Rb1+ $16 37. Ke2 Rb2+ 38. Kf3 Rb3+ 39. Ke4 Rb4+ 40. Kd3 Rb2) 37. Ra8 Ra2 (37... Kf5 $142 38. a5 Ke4) 38. a5 $18 h5 39. a6 g6 40. h3 e4 41. Ke1 {[%emt 0:01:03] Strongly threatening a7.} Kg7 42. a7 Kh7 43. Kd1 Kg7 (43... Ra1+ $142 44. Kc2 h4) 44. Kc1 $2 (44. g3 {aiming for Kc1.} g5 45. g4) 44... Kh7 $2 (44... h4 45. Kb1 Ra6) 45. Kb1 Ra6 46. Kb2 Kg7 47. Kb3 Ra1 48. g4 hxg4 49. hxg4 Kh7 50. g5 Kg7 51. Kb4 Kh7 52. Kc5 {[%emt 0:00:16] Intending Kc6 and mate.} Kg7 53. Kc6 {[%emt 0:00:59] Rc8 would kill now.} Rc1+ 54. Kd6 {[%emt 0:00:47] White threatens Rb8 and mate.} Ra1 $2 (54... Rd1+ $18 55. Ke5 Ra1) 55. Rc8 {[%emt 0:00:25] White mates.} Ra6+ 56. Rc6 Ra2 57. Rc7+ {[%emt 0:00:06] Weighted Error Value: White=0.22 (precise) /Black=0.29 (precise)} 1-0

[Event "12th WLC Weekend 2022"]
[Site "Eindhoven"]
[Date "2022.05.14"]
[Round "2.2"]
[White "Grooten, Herman"]
[Black "Albers, Sasa"]
[Result "1-0"]
[ECO "E16"]
[WhiteElo "2286"]
[BlackElo "2117"]
[Annotator "TA"]
[PlyCount "83"]
[EventDate "2022.05.13"]
[EventType "swiss"]
[EventCountry "NED"]
[SourceTitle "playchess.com"]
[Source "ChessBase"]
[SourceQuality "1"]
[TimeControl "5400+30"]

1. d4 Nf6 2. c4 e6 3. Nf3 Bb4+ 4. Nbd2 O-O 5. a3 Be7 6. g3 b6 7. Bg2 Bb7 8. Qc2 {[%emt 0:00:56] E16: Queen's Indian: 4 g3 Bb7 5 Bg2 Bb4+.} d5 9. cxd5 exd5 10. b4 {[%emt 0:01:57] The position is equal.} Nbd7 11. Rb1 {[%emt 0:00:58] [#]} a6 $146 ({Predecessor:} 11... a5 12. b5 a4 13. O-O Bd6 14. Nh4 Re8 15. Nc4 Bf8 16. Bb2 Ne4 17. Ne5 Nxe5 18. dxe5 {0-1 (34) Grooten,H (2310)-Beerdsen,T (2497) Dieren 2019}) 12. O-O Bd6 13. Nh4 g6 14. f3 Be7 15. Bh3 Ne8 16. Ng2 Ndf6 17. Bb2 Bc8 (17... Nd6 $11) 18. Bxc8 $14 Rxc8 19. Qc6 Qd7 20. Rbc1 Nd6 21. Nf4 Rfd8 22. Rfe1 Nb5 23. Nb3 Qxc6 24. Rxc6 Rd6 25. Rc2 g5 26. Nd3 Re6 {[%emt 0:00:10] Inhibits e4.} 27. g4 Bd6 28. Bc1 h6 29. Kg2 Kg7 30. h3 Rce8 31. e3 (31. Kf2 $14) 31... Na7 32. Rce2 Nc6 33. Bb2 {[%emt 0:00:45][%cal Oe3e4] aiming for e4!} R6e7 {[%emt 0:02:59] Inhibits e4.} 34. e4 Re6 {[%emt 0:01:53][%mdl 8192] Loses the game.} (34... dxe4 $14 35. fxe4 Nxe4) 35. e5 $18 Nh7 36. Rc2 Bf8 37. f4 {[%emt 0:00:38][%cal Bf3f4,Bf4f5][%mdl 32] [#] And now f5 would win.} Nb8 (37... Na7 $142 38. Rxc7 R6e7) 38. Rxc7 {[%emt 0:00:23] White is clearly winning.} Rc6 39. Rc1 Ree6 40. f5 Rxc1 41. Nbxc1 Rc6 42. Rb7 {[%emt 0:01:53] Weighted Error Value: White=0.10 (very precise) /Black=0.34} 1-0

[Event "12th WLC Weekend 2022"]
[Site "Eindhoven"]
[Date "2022.05.14"]
[Round "2.3"]
[White "Kools, Thomas"]
[Black "Baselmans, Luuk"]
[Result "0-1"]
[ECO "C11"]
[WhiteElo "2160"]
[BlackElo "2233"]
[Annotator "TA"]
[PlyCount "74"]
[EventDate "2022.05.13"]
[EventType "swiss"]
[EventCountry "NED"]
[SourceTitle "playchess.com"]
[Source "ChessBase"]
[SourceQuality "1"]
[TimeControl "5400+30"]

1. e4 e6 2. Nc3 d5 3. Nf3 Nf6 4. e5 Nfd7 5. d4 c5 6. dxc5 Nc6 $1 {[%emt 0:00:26] The main line 6...Nc6 scores better than 6...Bxc5.} 7. Bf4 Nxc5 8. Be2 Be7 {[%emt 0:01:46] 8...a6 is vanishing. C11: French: Classical System: 4 e5 and 4 Bg5 dxe4.} 9. O-O Bd7 ({Black should try} 9... O-O $11) 10. Re1 (10. a3 $5 ) 10... g5 {[%emt 0:04:21] The position is equal.} 11. Bg3 ({White should play} 11. Be3 $11) 11... h5 $15 {[%emt 0:00:35][%cal Bh7h5,Bh5h4][%mdl 32] Strongly threatening ...h4.} 12. h3 Qb6 13. Qd2 $2 {[%emt 0:09:09] [#]} (13. Nd2 $15) 13... Rg8 $146 (13... Qxb2 14. Reb1 Qa3 15. Nb5 $11) (13... h4 $19 {is more deadly.} 14. Bh2 Ne4 15. Nxe4 dxe4 16. Nxg5 e3 17. fxe3 Bxg5) ({Predecessor:} 13... O-O-O 14. Nxg5 Rhg8 15. Nxf7 Rdf8 16. Nd6+ Bxd6 17. exd6 Rxg3 18. Bxh5 Rgg8 19. a3 d4 {0-1 (27) Chambers,C-Ljukin,S (2362) Chess.com INT 2022}) 14. Nd4 (14. a4 $142) 14... h4 (14... Qxb2 15. Ndb5 d4 16. Reb1 (16. Nxd4 Nxd4 17. Qxd4 h4 $17) 16... dxc3 17. Qd1 $14) 15. Bh2 Ne4 (15... Qxb2 16. Ndb5 Qb4 17. Nc7+ Kd8 18. Rab1 $15 (18. Nxa8 d4 $17)) 16. Nxe4 Qxd4 17. Bb5 {[%emt 0:10:01] [#] And now Bxc6 would win.} Qxd2 $1 ({Weaker is} 17... dxe4 18. Qxd4 Nxd4 19. Bxd7+ Kxd7 20. Rad1 $11) ({Resist} 17... Qxb2 18. Reb1 Qd4 19. Bxc6 Qxe4 20. Bxd7+ Kxd7 21. Rxb7+ Ke8 22. Qc3 $16) 18. Nxd2 {[%emt 0:00:05] [#]} Nxe5 $1 19. Bxd7+ (19. Bf1 Nc6) 19... Nxd7 20. Red1 (20. Rad1 $17 {might work better.}) 20... Rc8 21. Rac1 g4 22. hxg4 Rxg4 23. Kf1 Bg5 24. f3 (24. c3 $17) 24... Rd4 25. Ke2 Ke7 $36 {[%emt 0:02:04][%mdl 2048] White must now prevent ...Rg8. Keeping White busy.} 26. Bg1 $2 (26. c3 {was called for.} Ra4 27. a3) 26... Rxd2+ $19 27. Rxd2 Bxd2 28. Kxd2 {[%emt 0:00:10][%mdl 4096] Endgame KRB-KRN} Rg8 29. Bf2 Rxg2 30. Ke2 {[%emt 0:00:33] [#]} Rh2 {[%emt 0:07:50] Prevents Rh1.} 31. Rg1 Ne5 {[%emt 0:04:16] Inhibits Rg4.} 32. b3 a6 33. a4 Ng6 {[%emt 0:00:44] aiming for ...Nf4+.} 34. Rg4 {[%emt 0:01:48] Inhibits Nf4+.} h3 35. Rg3 (35. Kf1 $19 Ne5 36. Rg3) 35... Nf4+ {[%emt 0:00:43] Black mates.} 36. Ke3 e5 37. c3 {[%emt 0:01:19] [#]} Rxf2 $1 {[%emt 0:00:22] Weighted Error Value: White=0.61/Black=0.18 (very precise)} 0-1